 Dungeon Crawl Stone Soup version 0.26-a0-660-gc07710193c (webtiles) character file.

Game seed: 17548209287704139533

128369 heikuro the Impaler (level 17, -2/135 HPs)
             Began as a Formicid Abyssal Knight on Oct 5, 2020.
             Was the Champion of Lugonu.
             Slain by an anaconda (16 damage)
             ... on level 3 of the Snake Pit.
             The game lasted 01:46:09 (41498 turns).

heikuro the Impaler (Formicid Abyssal Knight)      Turns: 41498, Time: 01:46:10

Health: -2/135     AC: 12    Str: 24    XL:     17   Next: 58%
Magic:  35/35      EV: 19    Int: 13    God:    Lugonu [******]
Gold:   931        SH: 26    Dex: 11    Spells: 16/16 levels left

rFire    + + .     SeeInvis +   a - +0 bardiche (vorpal)
rCold    . . .     Faith    .   J - +1 tower shield
rNeg     . . .     Spirit   .   K - +3 ring mail "Kuedixal" {rPois rF+ Str-4 Slay+5}
rPois    +         Reflect  +   (helmet unavailable)
rElec    +         Harm     .   H - scarf {rC+ rF+}
rCorr    .         Rampage  .   n - +0 pair of gloves
MR       +....                  p - +1 pair of boots
Stlth    ++........             x - amulet of reflection
HPRegen  0.32/turn              e - ring of Phasing {EV+8}
MPRegen  0.24/turn              N - ring "Pemockeh" {rElec rC- MP+9 Str+6 Stlth+}

@: studying 2 skills
A: permanent stasis, dig shafts and tunnels, four strong arms, antennae 3,
deformed body
a: Dig, Shaft Self, Depart the Abyss, Bend Space, Banish, Corrupt, Enter the
Abyss, Brand Weapon With Distortion, Renounce Religion


You were on level 3 of the Snake Pit.
You worshipped Lugonu.
Lugonu was exalted by your worship.
You visited 4 branches of the dungeon, and saw 26 of its levels.
You visited the Abyss 1 time.
You also visited: Sewer, Gauntlet and Volcano.

You collected 2482 gold pieces.
You spent 1551 gold pieces at shops.

Inventory:

Hand Weapons
 a - a +0 vorpal bardiche (weapon)
 b - a +2 fustibalus of flaming
Missiles
 f - 24 sling bullets
 k - 99 poisoned darts
 r - 4 boomerangs of dispersal
 v - 9 curare-tipped darts
 F - 28 javelins (quivered)
 Q - 3 throwing nets
Armour
 n - a +0 pair of gloves (worn)
 p - a +1 pair of boots (worn)
 G - a +4 plate armour of fire resistance
 H - a scarf of resistance (worn)
 J - a +1 tower shield (worn)
 K - the +3 ring mail "Kuedixal" (worn) {rPois rF+ Str-4 Slay+5}
   (You found it on level 15 of the Dungeon)

   It affects your strength (-4).
   It affects your accuracy and damage with ranged weapons and melee attacks
   (+5).
   It protects you from fire.
   It protects you from poison.
 S - the +2 ring mail of the Accordion {rF+ rC+ Stlth+}
   (You took it off an orc on level 10 of the Dungeon)

   It protects you from fire.
   It protects you from cold.
   It makes you more stealthy.
Jewellery
 e - the ring of Phasing (left hand) {EV+8}
   (You took it off a minotaur in a Gauntlet)

   [ring of evasion]

   It affects your evasion (+8).
 x - an amulet of reflection (around neck)
 B - an uncursed ring of resist corrosion
 C - the amulet "Hengoghu" {Regen+ Str+4 Stlth+}
   (You acquired it on level 2 of the Orcish Mines)

   [amulet of regeneration]

   It affects your strength (+4).
   It increases your rate of regeneration.
   It makes you more stealthy.
 N - the ring "Pemockeh" (right hand) {rElec rC- MP+9 Str+6 Stlth+}
   (You found it in a Gauntlet)

   [ring of magical power]

   It affects your strength (+6).
   It makes you vulnerable to cold.
   It insulates you from electricity.
   It affects your magic capacity (+9).
   It makes you more stealthy.
 W - an uncursed ring of fire
 Z - an uncursed ring of protection from cold
Wands
 c - a wand of polymorph (20)
 q - a wand of flame (65)
 z - a wand of iceblast (5)
 D - a wand of enslavement (7)
 I - a wand of acid (25)
 O - a wand of disintegration (20)
 T - a wand of paralysis (20)
 V - a wand of digging (3)
Scrolls
 h - 3 scrolls of immolation
 j - 10 scrolls of identify
 m - 13 scrolls of remove curse
 s - 2 scrolls of enchant armour
 w - 2 scrolls of fear
 y - 5 scrolls of amnesia
 E - 4 scrolls of enchant weapon
 M - 5 scrolls of fog
Potions
 g - 4 potions of resistance
 i - 7 potions of heal wounds
 l - 8 potions of curing
 t - 5 potions of flight
 u - 3 potions of might
 L - 4 potions of stabbing
 P - 4 potions of lignification
 R - a potion of ambrosia {unknown}
 X - a potion of cancellation
 Y - a potion of invisibility
Books
 d - a manual of Polearms
 A - a manual of Spellcasting
Miscellaneous
 o - a box of beasts (3/3)
 U - a phantom mirror


   Skills:
 + Level 12.7 Fighting
 * Level 16.3 Polearms
 + Level 12.1 Slings
 + Level 12.4 Armour
 - Level 1.0 Dodging
 - Level 15.0 Shields
 + Level 13.1 Invocations


You had 16 spell levels left.
You didn't know any spells.
Your spell library contained the following spells:

 Spells                   Type           Power        Failure   Level
 Magic Dart               Conj           #...         38%         1
 Summon Small Mammal      Summ           #...         38%         1
 Call Imp                 Summ           #.......     54%         2
 Corpse Rot               Necr/Air       N/A          54%         2
 Poisonous Vapours        Pois/Air       #.....       54%         2
 Searing Ray              Conj           #.....       54%         2
 Sublimation of Blood     Necr           #.........   54%         2
 Call Canine Familiar     Summ           #.......     77%         3
 Conjure Flame            Conj/Fire      #.......     77%         3
 Dazzling Flash           Conj/Hex       #.....       77%         3
 Gell's Gravitas          Tloc           #.........   77%         3
 Lesser Beckoning         Tloc           #.........   77%         3
 Mephitic Cloud           Conj/Pois/Air  #.......     77%         3
 Summon Guardian Golem    Hex/Summ       #.......     77%         3
 Teleport Other           Tloc           #.......     77%         3
 Dispel Undead            Necr           #.......     99%         4
 Fulminant Prism          Conj/Hex       #.........   99%         4
 Iskenderun's Mystic Bla  Conj/Tloc      #.......     99%         4
 Passage of Golubria      Tloc           N/A          99%         4
 Summon Ice Beast         Ice/Summ       #.......     99%         4
 Summon Lightning Spire   Summ/Air       #.......     99%         4
 Agony                    Necr           #.......     100%        5
 Excruciating Wounds      Necr           #.........   100%        5
 Freezing Cloud           Conj/Ice/Air   #.........   100%        6
 Blink                    Tloc           Unusable     N/A         2

Dungeon Overview and Level Annotations

Branches:
Dungeon (15/15)            Temple (0/1) D:6            Lair (6/6) D:8
 Shoals (0/4) Lair:2        Snake (3/4) Lair:3        Slime (0/5) Lair:6
    Orc (2/2) D:12            Elf (0/3) Orc:2        Vaults (0/5) D:13
 Depths (0/5) D:15          Sewer (visited)         Volcano (visited)
Gauntlet (visited)

Altars:
Cheibriados
Elyvilon
Fedhas
Gozag
Kikubaaqudgha
Makhleb
Nemelex Xobeh
Okawaru
Qazlal
Ru
Sif Muna
Trog
Uskayaw
Vehumet
The Shining One
Beogh

Shops:
D:6 [*   Orc:2 :*[!

Portals:
Hell: Lair:6
Pandemonium: Orc:2
Trove: D:10 (give 2 scrolls of acquirement)


Innate Abilities, Weirdness & Mutations

You cannot be hasted, slowed, berserked, paralysed or teleported.
You can dig through walls and to a lower floor.
Your four strong arms can wield two-handed weapons with a shield.
You have a pair of large antennae on your head. (SInv)
Armour fits poorly on your strangely shaped body.


Message History

* * * LOW HITPOINT WARNING * * *
You slice the nagaraja like a ripe choko!!!
You kill the nagaraja!
Lugonu accepts your kill. You block the anaconda's attack.
The anaconda constricts you. The anaconda bites you.
* * * LOW HITPOINT WARNING * * *
x2 The anaconda constricts you.
You slash the anaconda!
The anaconda is severely wounded.
You block the anaconda's attack.
* * * LOW HITPOINT WARNING * * *
The anaconda constricts you. The anaconda misses you.
* * * LOW HITPOINT WARNING * * *
The anaconda constricts you.
You escape the anaconda's grasp.
You barely miss the anaconda.
The anaconda is severely wounded.
You block the anaconda's attack. The anaconda bites you!
You die...

###### ###### #....##
##..#..# ##
##.....###......####.
##.........)......##..
#...S@................
#...).#.......##.....^.
#.......##......##.......
#...)..###.....## #......
#...... #.......###......
..#.... #.......##.......
.........................
...........#............
......##...........


You could see an anaconda.

Vanquished Creatures
  Kirke (D:13)
  2 nagarajas
  2 orc warlords (Orc:2)
  Azrael (D:11)
  A minotaur (Gauntlet)
  A fire dragon (D:15)
  A great orb of eyes (Gauntlet)
  A boulder beetle (D:12)
  8 hydras
  6 naga warriors
  2 centaur warriors
  2 death scarabs (Gauntlet)
  6 two-headed ogres
  An anaconda (Snake:2)
  A tengu warrior (D:14)
  3 shock serpents (Snake:2)
  5 orc high priests (Orc:2)
  9 naga sharpshooters
  A spectral death yak (Gauntlet)
  A sixfirhy (Lair:6)
  A spectral catoblepas (Gauntlet)
  A hell knight (Volcano)
  A gelid demonspawn (Orc:2)
  3 naga ritualists (Snake:2)
  An unseen horror (D:15)
  An infernal demonspawn (Orc:2)
  2 lindwurms (Lair:6)
  5 orc knights (Orc:2)
  2 wizards
  A necromancer (D:13)
  A wolf spider zombie (D:15)
  4 mana vipers (Snake:2)
  11 orc sorcerers
  13 ugly things
  4 oklob plants (Lair:6)
  3 cyclopes
  3 salamanders (Snake:2)
  Maurice (D:9)
  5 centaur zombies
  17 black mambas
  2 guardian serpents
  7 naga magi (Snake:2)
  A rust devil (Orc:2)
  2 orange demons (Lair:6)
  11 elephants
  A merfolk siren (Lair:2)
  19 cane toads
  A torpor snail (Lair:6)
  A smoke demon (Lair:6)
  2 gargoyles
  Maggie (Lair:2)
  A cane toad (shapeshifter) (D:13)
  7 rime drakes
  4 ice devils (Lair:6)
  3 kobold demonologists
  3 komodo dragons
  A freezing wraith (D:14)
  2 efreet
  5 yaktaurs
  A hellwing (Orc:2)
  A tengu conjurer (D:13)
  10 trolls
  A polar bear (Lair:2)
  2 red devils (Orc:2)
  A hornet (D:10)
  14 blink frogs
  5 slime creatures (D:14)
  Grinder (D:5)
  A raiju (shapeshifter) (D:14)
  A meliai zombie (D:15)
  A shadow (D:11)
  27 yaks
  3 vampires
  6 wyverns
  4 wraiths
  A human (D:13)
  3 basilisks
  4 fire elementals (D:11)
  A hog (D:13)
  A redback simulacrum (D:14)
  A chaos spawn (Orc:2)
  7 vampire mosquitoes
  A steam dragon (Lair:3)
  3 soldier ants
  7 wargs
  19 nagas
  2 acid dragons
  13 water moccasins
  4 hell hounds
  A hornet zombie (D:10)
  31 orc warriors
  2 sky beasts (D:13)
  Purgy (Sewer)
  3 ice beasts
  12 ogres
  2 eyes of draining
  2 phantoms
  2 black bears
  22 centaurs
  10 wolves
  7 big kobolds
  20 bullfrogs
  3 gnoll sergeants (D:12)
  A wyvern skeleton (D:12)
  9 scorpions
  13 wights
  30 killer bees
  An electric eel (Lair:5)
  6 howler monkeys
  A bullfrog zombie (D:11)
  A jelly (D:7)
  A quasit (D:6)
  7 centaur skeletons
  4 hounds
  26 orc priests
  21 orc wizards
  4 iguanas
  5 hell rats
  15 worker ants
  A worker ant zombie (D:5)
  7 gnolls
  10 adders
  A howler monkey skeleton (D:8)
  A shadow imp (D:7)
  A white imp (D:6)
  An ufetubus (D:6)
  2 oozes
  An adder skeleton (D:6)
  5 worms
  7 leopard geckos
  79 orcs
  9 giant cockroaches
  13 goblins
  12 hobgoblins
  19 jackals
  28 kobolds
  7 quokkas
  7 bats
  5 frilled lizards
  A jackal skeleton (D:8)
  A jackal zombie (D:5)
  7 rats
843 creatures vanquished.

Vanquished Creatures (others)
  A komodo dragon (Lair:6)
  A human (D:13)
  A naga (Lair:3)
  32 fungi
  28 plants
63 creatures vanquished.

Grand Total: 906 creatures vanquished

Notes
Turn   | Place    | Note
-------+----------+-------------------------------------------
     0 | Abyss:1  | heikuro the Formicid Abyssal Knight began the quest for the
                  | Orb.
     0 | Abyss:1  | Reached XP level 1. HP: 18/18 MP: 2/2
    47 | Abyss:1  | Noticed a wretched star
    48 | D:1      | Escaped the Abyss
   186 | D:1      | Reached skill level 1 in Dodging
   204 | D:1      | You fall into a shaft and drop 1 floor!
   230 | D:2      | Found a snail-covered altar of Cheibriados.
   258 | D:1      | Reached XP level 2. HP: 24/24 MP: 3/3
   268 | D:1      | Reached * piety under Lugonu
   694 | D:1      | Reached XP level 3. HP: 28/30 MP: 4/4
  1750 | D:2      | Reached XP level 4. HP: 37/37 MP: 5/5
  1893 | D:2      | Reached skill level 1 in Shields
  1945 | D:2      | Found a burning altar of Makhleb.
  1945 | D:2      | Found a white marble altar of Elyvilon.
  1958 | D:2      | Reached ** piety under Lugonu
  1959 | D:2      | Found a blossoming altar of Fedhas.
  1962 | D:2      | Found a faded altar of an unknown god.
  1963 | D:2      | Found an opulent altar of Gozag.
  2089 | D:3      | Noticed a phantom
  2105 | D:3      | Killed a phantom
  2105 | D:3      | Reached skill level 3 in Polearms
  2105 | D:3      | Reached skill level 1 in Slings
  2105 | D:3      | Reached XP level 5. HP: 42/43 MP: 5/7
  2213 | D:3      | Reached XP level 6. HP: 47/49 MP: 8/8
  2877 | D:3      | Found a sacrificial altar of Ru.
  3056 | D:3      | Found a sparkling altar of Nemelex Xobeh.
  3059 | D:3      | Found an iron altar of Okawaru.
  3201 | D:3      | Reached skill level 4 in Polearms
  3321 | D:4      | Noticed an ogre
  3328 | D:3      | Killed an ogre
  3328 | D:3      | Reached XP level 7. HP: 27/55 MP: 9/9
  3648 | D:4      | Reached *** piety under Lugonu
  3861 | D:4      | Reached skill level 5 in Fighting
  3870 | D:4      | Reached XP level 8. HP: 20/62 MP: 5/11
  4443 | D:5      | Entered Level 5 of the Dungeon
  4454 | D:5      | Reached skill level 5 in Polearms
  4531 | D:5      | Noticed Grinder
  4556 | D:5      | Killed Grinder
  4667 | D:5      | Found an ancient bone altar of Kikubaaqudgha.
  4805 | D:5      | Found a stormy altar of Qazlal.
  4820 | D:5      | Found a glowing golden altar of the Shining One.
  5014 | D:5      | Reached skill level 6 in Polearms
  5350 | D:6      | Reached skill level 5 in Armour
  5350 | D:6      | Reached skill level 5 in Invocations
  5365 | D:6      | Reached XP level 9. HP: 59/69 MP: 12/12
  5377 | D:6      | Found a staircase to the Ecumenical Temple.
  5400 | D:6      | Found a glowing drain.
  5432 | D:6      | Reached **** piety under Lugonu
  5448 | Sewer    | Entered a sewer
  5517 | Sewer    | Noticed Purgy
  5533 | Sewer    | Killed Purgy
  5928 | D:6      | Found a shimmering blue altar of Sif Muna.
  5978 | D:6      | Found Todghoqia's General Store.
  6425 | D:6      | Found Iffo's Armour Shop.
  6428 | D:6      | Bought a +0 tower shield for 58 gold pieces
  7011 | D:7      | Reached skill level 7 in Polearms
  8013 | D:8      | Noticed a two-headed ogre
  8039 | D:7      | Reached XP level 10. HP: 50/77 MP: 11/14
  8311 | D:7      | Reached ***** piety under Lugonu
  8319 | D:7      | Reached skill level 5 in Slings
  8428 | D:8      | Reached skill level 5 in Shields
  8955 | D:8      | Found a stormy altar of Qazlal.
  9161 | D:8      | Reached skill level 8 in Polearms
  9286 | D:8      | Found a staircase to the Lair.
  9570 | D:8      | Killed a two-headed ogre
  9975 | D:9      | Noticed Maurice
 10062 | D:9      | Killed Maurice
 10177 | D:9      | Reached XP level 11. HP: 73/84 MP: 16/16
 10567 | D:9      | Found a hide-covered altar of Uskayaw.
 10691 | D:10     | Entered Level 10 of the Dungeon
 10912 | D:10     | Identified the +2 ring mail of the Accordion {rF+ rC+
                  | Stlth+}
 11147 | D:10     | Found a portal to a secret trove of treasure.
 11301 | D:10     | Reached skill level 9 in Polearms
 11302 | D:10     | Found a white marble altar of Elyvilon.
 11840 | D:10     | Noticed a two-headed ogre
 11855 | D:10     | Killed a two-headed ogre
 11996 | D:11     | You fall into a shaft and drop 3 floors!
 12353 | D:13     | Noticed a tengu warrior
 12510 | D:14     | Killed a tengu warrior
 12911 | D:13     | Noticed a sun demon
 12919 | D:13     | Reached XP level 12. HP: 37/94 MP: 7/18
 13258 | D:13     | Reached skill level 10 in Polearms
 13582 | D:13     | Noticed Kirke
 13609 | D:13     | Killed Kirke
 13739 | D:12     | Noticed a boulder beetle
 13753 | D:12     | Killed a boulder beetle
 13794 | D:12     | Noticed a two-headed ogre
 13795 | D:12     | Reached skill level 10 in Shields
 13813 | D:12     | Killed a two-headed ogre
 13872 | D:12     | Found a sacrificial altar of Ru.
 14082 | D:11     | Reached ****** piety under Lugonu
 14480 | D:11     | Noticed a two-headed ogre
 14492 | D:11     | Killed a two-headed ogre
 14492 | D:11     | Reached skill level 11 in Polearms
 14492 | D:11     | Reached XP level 13. HP: 97/101 MP: 17/19
 15300 | D:12     | Noticed Azrael
 16093 | D:11     | Killed Azrael
 16803 | D:12     | Found a staircase to the Orcish Mines.
 16912 | D:12     | Identified the +0 leather armour of Qiaqethy {rF- rN+ rCorr
                  | Int+6} (You found it on level 12 of the Dungeon)
 18056 | D:13     | Noticed a six-headed hydra
 18067 | D:13     | Killed a six-headed hydra
 18659 | D:13     | Found a gate to the Vaults.
 19052 | D:14     | Reached skill level 10 in Invocations
 19414 | D:14     | Noticed an eight-headed hydra
 19428 | D:14     | Killed an eight-headed hydra
 19428 | D:14     | Reached skill level 10 in Fighting
 19468 | D:13     | Reached skill level 12 in Polearms
 19821 | D:13     | Reached XP level 14. HP: 64/110 MP: 8/21
 20387 | D:15     | Entered Level 15 of the Dungeon
 21382 | D:15     | Identified a scroll of acquirement
 21382 | D:15     | Acquired a +0 vorpal bardiche
 21438 | D:15     | Got an ichor-stained ring mail
 21450 | D:15     | Identified the +3 ring mail "Kuedixal" {rPois rF+ Str-4
                  | Slay+5} (You found it on level 15 of the Dungeon)
 21460 | D:15     | Reached skill level 10 in Armour
 22373 | D:15     | Found a staircase to the Depths.
 22384 | D:15     | HP: 4/111 [fire dragon (7)]
 23229 | Lair:1   | Entered Level 1 of the Lair of Beasts
 23266 | Lair:1   | Found a gate leading to a gauntlet.
 23281 | Gauntlet | Entered a Gauntlet
 23281 | Gauntlet | Found a transporter.
 23318 | Gauntlet | Found a transporter.
 23320 | Gauntlet | Found a transporter.
 23322 | Gauntlet | Found a transporter.
 23323 | Gauntlet | Found a transporter.
 23324 | Gauntlet | Found a transporter.
 23332 | Gauntlet | Found a transporter.
 23333 | Gauntlet | Found a transporter.
 23349 | Gauntlet | Found a large runed translucent door.
 23349 | Gauntlet | Found a large runed translucent door.
 23350 | Gauntlet | Found a large runed translucent door.
 23351 | Gauntlet | Found a large runed translucent door.
 23352 | Gauntlet | Found a runed translucent gate.
 23353 | Gauntlet | Found a transporter.
 23353 | Gauntlet | Found a runed translucent gate.
 23354 | Gauntlet | Found a runed translucent gate.
 23356 | Gauntlet | Found a large runed translucent door.
 23357 | Gauntlet | Found a large runed translucent door.
 23363 | Gauntlet | Found a large runed translucent door.
 23364 | Gauntlet | Found a large runed translucent door.
 23364 | Gauntlet | Found a large runed translucent door.
 23366 | Gauntlet | Found a large runed translucent door.
 23366 | Gauntlet | Found a large runed translucent door.
 23366 | Gauntlet | Found a runed translucent door.
 23366 | Gauntlet | Found a runed translucent door.
 23367 | Gauntlet | Found a large runed translucent door.
 23368 | Gauntlet | Found a large runed translucent door.
 23370 | Gauntlet | Found a transporter.
 23375 | Gauntlet | Found a transporter.
 23382 | Gauntlet | Found a transporter.
 23407 | Gauntlet | Found a large runed translucent door.
 23408 | Gauntlet | Found a large runed translucent door.
 23409 | Gauntlet | Found a large runed translucent door.
 23734 | Gauntlet | Got a warped iron ring
 23739 | Gauntlet | Identified the ring "Pemockeh" {rElec rC- MP+9 Str+6
                  | Stlth+} (You found it in a Gauntlet)
 24057 | Gauntlet | Noticed a minotaur
 24069 | Gauntlet | Killed a minotaur
 24157 | Gauntlet | Identified the cursed +0 shortbow of Xupler {flame, Str+3}
                  | (You found it in a Gauntlet)
 24487 | Lair:1   | Found the -2 hat of the Alchemist {rElec rPois rF+ rC+ rN+
                  | MR+ rMut rCorr}
 24960 | Lair:2   | Reached XP level 15. HP: 83/117 MP: 23/23
 25159 | Lair:2   | Reached skill level 13 in Polearms
 25260 | Lair:2   | Noticed Maggie
 25271 | Lair:2   | Killed Maggie
 25296 | Lair:2   | Found a staircase to the Shoals.
 25743 | Lair:3   | Reached skill level 10 in Slings
 25793 | Lair:3   | Found a dark tunnel.
 25798 | Volcano  | Entered a volcano
 26487 | Lair:3   | Found a staircase to the Snake Pit.
 29979 | Lair:6   | Entered Level 6 of the Lair of Beasts
 30704 | Lair:6   | Found a staircase to the Slime Pits.
 31423 | Lair:6   | Reached XP level 16. HP: 81/126 MP: 24/24
 31773 | Lair:6   | Found a burning altar of Makhleb.
 31889 | Lair:6   | Reached skill level 14 in Polearms
 32144 | Lair:6   | Found a gateway to Hell.
 32389 | Lair:6   | Reached skill level 15 in Shields
 33300 | Orc:1    | Entered Level 1 of the Orcish Mines
 33381 | Orc:1    | Found a bloodstained altar of Trog.
 33551 | Orc:1    | Found a roughly hewn altar of Beogh.
 34464 | Orc:2    | Entered Level 2 of the Orcish Mines
 35261 | Orc:2    | Found a staircase to the Elven Halls.
 35546 | Orc:2    | Found Woguess's General Store.
 35547 | Orc:2    | Found Isex's Distillery.
 35943 | Orc:2    | Bought 7 curare-tipped darts for 58 gold pieces
 36774 | Orc:2    | Gained mutation: Armour fits poorly on your strangely
                  | shaped body. [a neqoxec]
 37664 | Orc:2    | Found Pofas's Antique Armour Boutique.
 37664 | Orc:2    | Found Pahitha's Book Shop.
 37664 | Orc:2    | Found a one-way gate leading to the halls of Pandemonium.
 37785 | Orc:2    | Found a radiant altar of Vehumet.
 37898 | Orc:2    | Bought a manual of Polearms for 1435 gold pieces
 37983 | Orc:2    | Acquired the amulet "Hengoghu" {Regen+ Str+4 Stlth+}
 38264 | Snake:1  | Entered Level 1 of the Snake Pit
 38428 | Snake:1  | Found a stormy altar of Qazlal.
 39188 | Snake:1  | Reached skill level 15 in Polearms
 39471 | Snake:2  | Reached XP level 17. HP: 113/133 MP: 26/26
 40776 | Snake:2  | Reached skill level 16 in Polearms
 41498 | Snake:3  | Slain by an anaconda

Illustrated notes

Levels and vault maps discovered:
D:1:      saegor_arrival_simple_d, layout_basic, grunt_decor_cap,
          grunt_decor_arrowhead, chequers_serial_rivers_small_a, st_stairs_10,
          chequers_big_river, chequers_serial_rivers_micro_e, hex_intersection,
          minivault_24
D:2:      layout_rooms, cheibriados_altar_1, chequers_temple_overflow_minitemple
D:3:      layout_basic, grunt_temple_overflow_diamond,
          chequers_serial_rivers_marsh, minmay_misc_feat_diagonals,
          columned_hall_lemuel
D:4:      layout_gridville, chequers_serial_rivers_micro_b,
          minmay_manual_macuahuitl
D:5:      layout_cave_pools, lemuel_coloured_pillars_altar, lemuel_doored_altar,
          corexii_checkpoint_a, nicolae_qazlal_general_emergency, uniq_grinder
D:6:      layout_basic, lemuel_round_altar, temple_fountains,
          gup_sewer_entry_glass, serial_shops, shop, kennysheep_mini_moat
D:7:      layout_loops_cross
D:8:      layout_cave_pods, old_standard_altar, grunt_lair_entry_orc_guard_hut,
          hangedman_abyss_or_decor_stabs
D:9:      layout_rooms, nicolae_overflow_hidden_temple, uniq_maurice
D:10:     layout_basic, nicolae_trove_entry_columns, elyvilon_altar_5
D:11:     layout_roguey
D:12:     layout_irregular_city, kennysheep_orc_monster_closet_entryway,
          small_statue_intersection, nicolae_ru_awakened_eye, uniq_azrael
D:13:     layout_irregular_city, david_vaults_1, uniq_kirke
D:14:     layout_roguey, small_statue_intersection, kennysheep_generic_room_16
D:15:     grunt_enter_depths_hoard, layout_layer_cave, minmay_misc_feat_chi
Lair:1:   layout_chaotic_city, gauntlet_entry_generic, infiniplex_staircase_pool
Lair:2:   layout_regular_city, minmay_shoals_entry_lonely_mermaid, uniq_maggie
Lair:3:   layout_regular_city, minmay_snake_entry_guardpost_small,
          nicolae_volcano_entry_s_turn, minivault_25
Lair:4:   layout_layer_cave, serial_bayou_shore_a, lemuel_fruit_fields
Lair:5:   cheibrodos_lair_river_kwai, layout_gridlike, wad_woods_river_04
Lair:6:   evil_forest, layout_cave_pods, minmay_slime_entry_oklob_enclosed,
          serial_bayou_crossing, grunt_megastairs_1, uniq_urug
Snake:1:  layout_onion_interference, basic_altar
Snake:2:  layout_rooms, lemuel_fruit_tree
Snake:3:  layout_grid_shapes, nicolae_coiled_stairwell_down,
          serial_bayou_shore_b, uniq_aizul
Orc:1:    layout_diamond_mine, basic_altar, trog_hazing_becter
Orc:2:    pf_orc_diabolical, layout_caves, basic_altar

Skill      XL: |  1  2  3  4  5  6  7  8  9 10 11 12 13 14 15 16 17 |
---------------+----------------------------------------------------+-----
Dodging        | 1 |  1.0
Fighting       | 4 5 6 7 8 9 10 11 12 | 12.7
Shields        | 2 4 7 9 10 12 13 14 15 | 15.0
Polearms       | 3 4 6 7 8 9 11 12 13 15 16 | 16.3
Slings         | 1 2 3 4 6 7 8 9 10 11 12 | 12.1
Armour         | 3 4 5 6 7 8 9 10 11 12 | 12.4
Invocations    | 3 4 5 6 7 8 9 10 11 12 13 | 13.1

Action                   |  1- 3 |  4- 6 |  7- 9 | 10-12 | 13-15 | 16-18 || total
-------------------------+-------+-------+-------+-------+-------+-------++-------
Melee: Spear             |   145 |    32 |       |       |       |       ||   177
       Halberd           |       |    79 |   373 |   113 |       |       ||   565
       Glaive            |       |       |       |   600 |   623 |       ||  1223
       Bardiche          |       |       |       |       |   581 |  1025 ||  1606
 Fire: Hunting sling     |     4 |    67 |    78 |    66 |    87 |       ||   302
       Fustibalus        |       |       |       |       |   115 |    14 ||   129
Throw: Dart              |       |       |    43 |    83 |    55 |       ||   181
       Javelin           |       |       |       |       |    10 |     7 ||    17
Invok: Depart the Abyss  |     1 |       |       |       |       |       ||     1
       Bend Space        |       |       |       |    10 |    15 |       ||    25
       Banish            |       |       |       |       |     1 |       ||     1
 Abil: Dig               |       |     1 |     2 |     5 |     7 |    16 ||    31
Evoke: Wand              |       |       |       |       |     6 |       ||     6
  Use: Scroll            |     4 |     4 |    11 |     5 |    15 |     4 ||    43
       Potion            |       |       |       |     1 |       |     5 ||     6
 Stab: Sleeping          |       |       |       |     4 |     3 |     2 ||     9
       Distracted        |       |       |       |       |       |     1 ||     1
Armor: Scale mail        |    69 |       |       |       |       |       ||    69
       Chain mail        |     2 |       |       |       |       |       ||     2
       Plate armour      |       |    86 |   202 |   111 |    52 |    63 ||   514
       Ring mail         |       |       |       |   100 |   240 |    57 ||   397
Dodge: Dodged            |    50 |    69 |   163 |   268 |   560 |   262 ||  1372
Block: Buckler           |    17 |    23 |    43 |       |       |       ||    83
       Tower shield      |       |       |   160 |   712 |  1508 |  1110 ||  3490
       Reflection        |       |       |       |       |    16 |    83 ||    99

Table legend: (Time is in decaauts)
 A = Elapsed time spent in this place.
 B = Non-inter-level travel time spent in this place.
 C = Inter-level travel time spent in this place.
 D = Time resting spent in this place.
 E = Time spent auto-exploring this place.
 F = Levels seen in this place.
 G = Mean time per level.
                   A        B        C        D        E       F      G
               +--------+--------+--------+--------+--------+-----+--------+
         Total |  42432 |  40160 |   2272 |  13816 |  15196 |  30 | 1414.4 |
       Dungeon |  23770 |  22442 |   1328 |   7523 |   8585 |  15 | 1584.7 |
          Lair |   9080 |   8545 |    535 |   2621 |   4180 |   6 | 1513.3 |
     Snake Pit |   3315 |   3186 |    129 |   1575 |    823 |   3 | 1105.0 |
  Orcish Mines |   4667 |   4388 |    279 |   1660 |   1246 |   2 | 2333.5 |
         Abyss |     48 |     48 |      0 |      0 |     35 |   1 |   48.0 |
         Sewer |    275 |    275 |      0 |     90 |     18 |   1 |  275.0 |
       Volcano |    289 |    289 |      0 |      3 |    127 |   1 |  289.0 |
      Gauntlet |    985 |    985 |      0 |    343 |    181 |   1 |  985.0 |
               +--------+--------+--------+--------+--------+-----+--------+

Top non-repeatable levels by time:
   Orc:2: 3670 daAuts
  Lair:6: 3221 daAuts
    D:13: 3098 daAuts
    D:11: 2538 daAuts
    D:15: 2342 daAuts
 Snake:2: 1918 daAuts
    D:14: 1898 daAuts
     D:7: 1882 daAuts
  Lair:4: 1805 daAuts
    D:12: 1738 daAuts
     D:8: 1646 daAuts
     D:3: 1508 daAuts
     D:1: 1424 daAuts
  Lair:3: 1397 daAuts
    D:10: 1357 daAuts
